 Dungeon Sprint DCSS version 0.27.1-33-g824d729ab1 (webtiles) character file.

Game seed: 7869644344073844704

946 manyhoops the Impaler (level 8, 0/56 HPs)
             Began as a Merfolk Gladiator on Nov 25, 2021.
             Slain by a demonic crawler (3 damage)
             ... in the Dungeon (Sprint I: "Red Sonja").
             The game lasted 00:01:53 (616 turns).

manyhoops the Impaler (Merfolk Gladiator)            Turns: 616, Time: 00:01:54

Health: 0/56       AC:  4    Str: 16    XL:     8   Next: 13%
Magic:  8/8        EV: 18    Int:  8    God:
Gold:   270        SH:  0    Dex: 15    Spells: 7/7 levels left

rFire    . . .     SeeInvis .   a - +0 trident
rCold    . . .     Faith    .   (no shield)
rNeg     . . .     Spirit   .   b - +0 leather armour
rPois    .         Reflect  .   c - +0 helmet
rElec    .         Harm     .   (no cloak)
rCorr    .         Rampage  .   (no gloves)
Will     .....     NoTele   +   (no boots)
Stlth    +.........             (no amulet)
HPRegen  0.18/turn              (no ring)
MPRegen  0.11/turn              (no ring)

@: on berserk cooldown, hasted and slowed
A: (nimble swimmer 2), mertail
a: no special abilities


You were in the Dungeon.
You visited 1 branch You collected 270 gold pieces.

Inventory:

Hand Weapons
 a - a +0 trident (weapon)
Missiles
 d - a throwing net (quivered)
Armour
 b - a +0 leather armour (worn)
 c - a +0 helmet (worn)
Potions
 h - 2 potions of magic


   Skills:
 - Level 2.1 Fighting
 - Level 18.8 Polearms
 - Level 2.0 Throwing
 + Level 12.9 Dodging


You had 7 spell levels left.
You didn't know any spells.
Your spell library was empty.

Dungeon Overview and Level Annotations

Branches:
Dungeon (1/1)

Altars:
Cheibriados
Dithmenos
Elyvilon
Fedhas
Gozag
Hepliaklqana
Kikubaaqudgha
Makhleb
Nemelex Xobeh
Okawaru
Qazlal
Ru
Sif Muna
Trog
Uskayaw
Vehumet
Wu Jian
Xom
Yredelemnul
Zin
The Shining One
Jiyva
Lugonu

Shops:
D :


Innate Abilities, Weirdness & Mutations

((You are quick and stealthy near water. (Stealth+, EV+, Speed+++)))
Your lower body shifts to a powerful aquatic tail in water.


Message History

The ufetubus completely misses you. The ufetubus closely misses you.
The smoke demon gestures at you. Something smites you!
* * * LOW HITPOINT WARNING * * *
Unknown command.
Reach: a) +0 trident
Press: ? - help, Dir - move target, f/p - kobold demonologist
Aim: a kobold demonologist, wielding a +0 dagger of venom and wearing a +0 robe (lightly wounded, about 40% to evade your +0 trident)
The ufetubus is in the way.
Your leather armour prevents you from hitting the ufetubus.
The ufetubus misses you. The ufetubus hits you.
* * * LOW HITPOINT WARNING * * *
The kobold demonologist casts a spell.
Blink to where?
Press: ? - help, Dir - move target, p - kobold demonologist
As you read the scroll of blinking, it crumbles to dust.
There is an open door here.
You close the door.
Something unseen opens the door.
You close the door.
Something unseen opens the door.
You hit the ufetubus but do no damage. The ufetubus misses you. x3
The ufetubus closely misses you.
You barely miss the ufetubus. The ufetubus completely misses you.
The ufetubus hits you.
* * * LOW HITPOINT WARNING * * *
You barely miss the ufetubus. The ufetubus completely misses you.
The ufetubus closely misses you.
You feel yourself speed up. The ufetubus hits you.
* * * LOW HITPOINT WARNING * * *
The ufetubus completely misses you.
You hit the demonic crawler.
The demonic crawler is lightly wounded.
The demonic crawler closely misses you. x2; The demonic crawler hits you!
* * * LOW HITPOINT WARNING * * *
There are monsters nearby!
There are monsters nearby!
There are monsters nearby!
Unknown command.
Unknown command.
The demonic crawler hits you.
You die...

##########################
#<.#..)..#.s's.#__#.§'Ks.#
#..)..#..'@s#.5'..'..#s34#
#..#####'#####'#__####
s.s9 #..####..# #(#### ##.
#..#__#### ##)#
#..#_____##+#_.+
#⌠⌠#_.∩...†..._#
####_..__##_.#+#
#_____###+# #######


You could see 3 demonic crawlers.

Vanquished Creatures
  A kobold demonologist (D)
  A slime creature (D)
  Sigmund (D)
  A yak (D)
  A floating eye (D)
  An ogre (D)
  A jelly (D)
  Ijyb (D)
8 creatures vanquished.

Notes
Turn   | Place    | Note
-------+----------+-------------------------------------------
     0 | D        | manyhoops the Merfolk Gladiator began the quest for the
                  | Orb.
     0 | D        | Reached XP level 1. HP: 16/16 MP: 1/1
     1 | D        | Noticed Ijyb
    16 | D        | Killed Ijyb
    17 | D        | Reached skill level 9 in Polearms
    17 | D        | Reached XP level 2. HP: 17/22 MP: 2/2
    17 | D        | Reached XP level 3. HP: 21/27 MP: 3/3
    77 | D        | Noticed an ogre
    83 | D        | Killed an ogre
    84 | D        | Reached skill level 13 in Polearms
    84 | D        | Reached XP level 4. HP: 33/33 MP: 4/4
    91 | D        | Noticed Sigmund
   143 | D        | Killed Sigmund
   144 | D        | Reached skill level 16 in Polearms
   144 | D        | Reached XP level 5. HP: 3/38 MP: 5/5
   144 | D        | Reached XP level 6. HP: 3/44 MP: 6/6
   459 | D        | Found an ornate altar of the Wu Jian Council.
   459 | D        | Found a shimmering blue altar of Sif Muna.
   461 | D        | Found a radiant altar of Vehumet.
   465 | D        | Reached skill level 17 in Polearms
   468 | D        | Found Bishrirr's Book Emporium.
   468 | D        | Found an ancient bone altar of Kikubaaqudgha.
   468 | D        | Found a stormy altar of Qazlal.
   468 | D        | Found a blossoming altar of Fedhas.
   468 | D        | Found a bloodstained altar of Trog.
   468 | D        | Found an iron altar of Okawaru.
   468 | D        | Found a glowing golden altar of the Shining One.
   468 | D        | Found a glowing silver altar of Zin.
   468 | D        | Found a white marble altar of Elyvilon.
   468 | D        | Noticed a yak
   480 | D        | Killed a yak
   481 | D        | Reached skill level 18 in Polearms
   481 | D        | Found a hazy altar of Hepliaklqana.
   481 | D        | Found a hide-covered altar of Uskayaw.
   481 | D        | Found a basalt altar of Yredelemnul.
   481 | D        | Found an opulent altar of Gozag.
   481 | D        | Found a snail-covered altar of Cheibriados.
   481 | D        | Found a sacrificial altar of Ru.
   481 | D        | Found a shadowy altar of Dithmenos.
   482 | D        | Found a sparkling altar of Nemelex Xobeh.
   545 | D        | Found a viscous altar of Jiyva.
   545 | D        | Found a corrupted altar of Lugonu.
   545 | D        | Noticed a slime creature
   546 | D        | Found a burning altar of Makhleb.
   546 | D        | Found a shimmering altar of Xom.
   553 | D        | Killed a slime creature
   554 | D        | Reached XP level 7. HP: 50/50 MP: 7/7
   569 | D        | Noticed a kobold demonologist
   575 | D        | Noticed a kobold demonologist
   580 | D        | Paralysed by a floating eye for 3 turns
   585 | D        | Reached skill level 10 in Dodging
   587 | D        | Noticed an orange demon
   595 | D        | Killed a kobold demonologist
   596 | D        | Reached XP level 8. HP: 56/56 MP: 8/8
   596 | D        | Noticed a smoke demon
   596 | D        | Noticed a demonic crawler
   596 | D        | Noticed a demonic crawler
   596 | D        | Noticed a demonic crawler
   599 | D        | Noticed a demonic crawler
   603 | D        | Noticed a gargoyle
   605 | D        | Noticed a rust devil
   616 | D        | Slain by a demonic crawler

Illustrated notes

Levels and vault maps discovered:
D:        dungeon_sprint_1 [red_sonja_temple_1, red_sonja_temple_small_1]

Skill      XL: |  1  2  3  4  5  6  7 |
---------------+----------------------+-----
Polearms       | 9 13 16 18 | 18.8
Dodging        | 8 12 | 12.9
Fighting       | |  2.1
Throwing       | |  2.0

Action                   |  1- 3 |  4- 6 |  7- 9 || total
-------------------------+-------+-------+-------++-------
Melee: Trident           |    16 |    38 |    29 ||    83
Throw: Throwing net      |     3 |     2 |       ||     5
  Use: Potion            |     1 |     1 |     2 ||     4
       Scroll            |       |       |     1 ||     1
 Stab: Held in net/web   |       |     4 |       ||     4
       Sleeping          |       |     1 |       ||     1
Armor: Leather armour    |       |     3 |     2 ||     5
Dodge: Dodged            |     3 |    11 |    31 ||    45
